 Dungeon Crawl Stone Soup version 0.31-a0-182-gc5ef74bbde (webtiles) character file.

Game seed: 2319036254912222216

731 qw the Chopper (level 7, -6/44 HPs)
             Began as a Gargoyle Fighter on June 20, 2023.
             Mangled by a yak (12 damage)
             ... on level 8 of the Dungeon.
             The game lasted 00:01:54 (3020 turns).

qw the Chopper (Gargoyle Fighter)                   Turns: 3020, Time: 00:01:55

Health: -6/44      AC: 13    Str: 22    XL:     7   Next: 73%
Magic:  7/7        EV:  8    Int:  8    God:
Gold:   135        SH:  4    Dex:  9    Spells: 6/6 levels left

rFire   . . .        Y - +0 war axe
rCold   . . .        c - +0 buckler
rNeg    + . .        a - +0 chain mail
rPois   inf          (no helmet)
rElec   +            (no cloak)
rCorr   .            (no gloves)
SInv    .            (no boots)
Will    .....        (no amulet) Stlth
                     (no ring)
HPRegen 0.27/turn    (no ring)
MPRegen 0.10/turn

%: no passive effects
@: about to teleport
A: sickness immunity, AC +4, negative energy resistance 1, electricity
resistance, torment resistance 1, petrification resistance
a: no special abilities


You were on level 8 of the Dungeon.
You visited 1 branch of the dungeon, and saw 6 of its levels.

You collected 330 gold pieces.
You spent 195 gold pieces at shops.


Innate Abilities, Weirdness & Mutations

You are immune to sickness and miasma.
Your stone body is resilient. (AC +4)
You are immune to poison.
You resist negative energy. (rN+)
You are resistant to electric shocks. (rElec)
You are resistant to unholy torment.
You are immune to petrification.


   Skills:
 - Level 4.8 Fighting
 + Level 6.7 Axes
 - Level 1.0 Throwing
 - Level 3.2 Armour
 - Level 1.5 Dodging
 - Level 3.2 Shields


You had 6 spell levels left.
You didn't know any spells.
Your spell library was empty.

Inventory:

Hand Weapons
 f - a +0 mace
 Y - a +0 war axe (weapon)
Armour
 a - a +0 chain mail (worn)
 c - a +0 buckler (worn)
 q - a +0 pair of boots
Jewellery
 k - a ring of see invisible
Scrolls
 e - 2 scrolls of teleportation
 m - 2 scrolls of identify
Potions
 b - 2 potions of attraction {unknown}
 d - 3 potions of might
 g - 4 potions of curing
 h - a potion of heal wounds {unknown}
 i - a potion of haste {unknown}
 j - a potion of mutation {unknown}
 l - a potion of ambrosia {unknown}
 n - a potion of enlightenment {unknown}
 o - a potion of lignification {unknown}
 p - a potion of magic {unknown}
 r - a potion of berserk rage {unknown}

Dungeon Overview and Level Annotations

Branches:
Dungeon (5/15)
 Temple: D:4-7

Altars:
Fedhas
Trog
The Shining One

Shops:
D:5 =

Annotations:
D:3 exclusion: 5 endoplasms


Message History

A yak comes into view.
The yak bellows!
You slash the yak!
The yak is heavily wounded.
You hear a bellow!
A yak comes into view.
You barely miss the yak. You hit the yak.
The yak is lightly wounded.
The yak closely misses you.
You hit the yak.
The yak is severely wounded.
You hit the yak. The yak gores you! The yak gores you but does no damage.
You hit the yak.
The yak is severely wounded.
You hit the yak. The yak gores you. The yak gores you but does no damage.
You hit the yak.
The yak is severely wounded.
You hit the yak. The yak misses you. The yak barely misses you.
The yak gores you! The yak completely misses you.
You hit the yak.
The yak is almost dead.
You hit the yak. The yak gores you. The yak gores you!
3018 ||| READING 3 scrolls of teleportation.
As you read the scroll of teleportation, it crumbles to dust.
You feel strangely unstable. The yak gores you. The yak barely misses you.
You hit the yak but do no damage.
The yak is almost dead.
You hit the yak but do no damage.
The yak gores you but does no damage. x2
You barely miss the yak.
The yak is almost dead.
You barely miss the yak. The yak gores you but does no damage.
The yak gores you!
You die...

#........#
########.#
#.# ### #.#
...
#.######.#
#........#
#.###....#
#.# #.####
#.# #..@Y#
.......##Y#
.....### Y#
#.... ..
##.## #..
#. ### #


You could see 3 yaks.

Vanquished Creatures
  An ice beast (D:4)
  A black bear (D:5)
  A bullfrog (D:8)
  A kobold brigand (D:8)
  2 howler monkeys (D:5)
  4 hounds
  A jelly (D:4)
  Jessica (D:3)
  An iguana (D:4)
  2 adders
  A shadow imp (D:5)
  2 worms (D:3)
  A dart slug (D:4)
  9 orcs
  6 endoplasms
  4 giant cockroaches
  7 goblins
  5 hobgoblins
  3 jackals (D:3)
  14 kobolds
  3 quokkas
  10 ball pythons
  8 bats
  4 frilled lizards
  10 rats
102 creatures vanquished.

Notes
Turn   | Place    | Note
-------+----------+-------------------------------------------
     0 | D:1      | qw the Gargoyle Fighter began the quest for the Orb.
     0 | D:1      | Reached XP level 1. HP: 14/14 MP: 1/1
     0 | D:1      | 0 ||| qw: Version: 0.3-a-9-g12657ce
     0 | D:1      | 0 ||| qw: Game counter: 1201
     0 | D:1      | 0 ||| qw: Always use a shield: true
     0 | D:1      | 0 ||| qw: God list: Okawaru
     0 | D:1      | 0 ||| qw: Allow faded altars: false
     0 | D:1      | 0 ||| qw: Do Orc after D:15 true
     0 | D:1      | 0 ||| qw: Do second Lair branch before Depths: true
     0 | D:1      | 0 ||| qw: Lair rune preference: random
     0 | D:1      | 0 ||| qw: Plans: Normal, Zot:1-4, Slime:5, God:TSO, Crypt,
                  | Tomb, Abyss, Pan, Hells, Win
     0 | D:1      | 0 ||| PLANNING D:1-11
    24 | D:1      | Reached skill level 2 in Axes
   206 | D:1      | Reached XP level 2. HP: 19/19 MP: 2/2
   416 | D:1      | Found a faded altar of an unknown god.
   416 | D:1      | Noticed a floating eye
   418 | D:1      | Reached skill level 3 in Axes
   421 | D:1      | Noticed a great orb of eyes
   421 | D:1      | Noticed a golden eye
   421 | D:1      | Noticed a floating eye
   574 | D:1      | Reached XP level 3. HP: 23/23 MP: 3/3
   636 | D:1      | 636 ||| DROPPING orb of mayhem.
   637 | D:1      | 637 ||| DROPPING ring of magical power.
   638 | D:1      | 638 ||| READING scroll labelled WATEOSH REODGHA.
   639 | D:1      | 639 ||| READING scroll labelled ZINUXK FEIHELA.
   640 | D:1      | 640 ||| READING 2 scrolls labelled JEUCVE TUKUTZ.
   641 | D:1      | 641 ||| DROPPING scroll of amnesia.
   658 | D:2      | 658 ||| STAIRDANCE
   664 | D:1      | Reached skill level 1 in Throwing
   682 | D:2      | 682 ||| STAIRDANCE
   729 | D:2      | 729 ||| Stepping ~*~*~tactically~*~*~ (stealth).
   854 | D:2      | 854 ||| Stepping ~*~*~tactically~*~*~ (stealth).
   957 | D:2      | 957 ||| UPGRADING to +0 chain mail.
   967 | D:2      | 967 ||| DROPPING +0 scale mail.
   968 | D:2      | 968 ||| READING scroll labelled JUCAQU KUHAFON.
   993 | D:3      | 993 ||| Stepping ~*~*~tactically~*~*~ (stealth).
   994 | D:3      | 994 ||| Stepping ~*~*~tactically~*~*~ (stealth).
   996 | D:3      | 996 ||| Stepping ~*~*~tactically~*~*~ (stealth).
  1000 | D:3      | 1000 ||| Stepping ~*~*~tactically~*~*~ (stealth).
  1005 | D:3      | Reached XP level 4. HP: 28/28 MP: 4/4
  1092 | D:3      | Reached skill level 4 in Axes
  1128 | D:3      | Found a glowing golden altar of the Shining One.
  1240 | D:3      | Found a bloodstained altar of Trog.
  1240 | D:3      | Found a blossoming altar of Fedhas.
  1365 | D:3      | 1365 ||| Stepping ~*~*~tactically~*~*~ (stealth).
  1473 | D:3      | 1473 ||| Stepping ~*~*~tactically~*~*~ (hiding).
  1516 | D:3      | Noticed Jessica
  1518 | D:3      | Killed Jessica
  1519 | D:3      | Reached XP level 5. HP: 32/32 MP: 5/5
  1834 | D:3      | 1834 ||| DRINKING 2 metallic clear potions.
  2039 | D:4      | Reached skill level 5 in Axes
  2071 | D:4      | Noticed an ice beast
  2072 | D:4      | 2072 ||| Stepping ~*~*~tactically~*~*~ (stealth).
  2079 | D:4      | Killed an ice beast
  2080 | D:4      | Reached XP level 6. HP: 25/40 MP: 6/6
  2142 | D:4      | 2142 ||| Stepping ~*~*~tactically~*~*~ (hiding).
  2171 | D:4      | 2171 ||| Stepping ~*~*~tactically~*~*~ (stealth).
  2172 | D:4      | 2172 ||| Stepping ~*~*~tactically~*~*~ (stealth).
  2178 | D:4      | 2178 ||| Stepping ~*~*~tactically~*~*~ (stealth).
  2350 | D:4      | 2350 ||| READING 2 scrolls labelled USIHOG HOKAOTUU.
  2355 | D:4      | 2355 ||| DRINKING 2 murky ruby potions.
  2356 | D:4      | 2356 ||| DROPPING potion of brilliance.
  2363 | D:5      | Entered Level 5 of the Dungeon
  2397 | D:5      | Reached XP level 7. HP: 43/44 MP: 7/7
  2401 | D:5      | Found Wexteur's Jewellery Emporium.
  2410 | D:5      | 2410 ||| SHOPLISTING +5 ring of evasion (468 gold, have
                  | 283).
  2410 | D:5      | 2410 ||| SHOPLISTING amulet of Vitality {RegenMP++ Regen++}
                  | (1300 gold, have 283).
  2410 | D:5      | 2410 ||| SHOPLISTING ring "Hesuhy" {+Blink rN+ Will+ Int+5}
                  | (651 gold, have 283).
  2410 | D:5      | 2410 ||| SHOPLISTING ring of ice (325 gold, have 283).
  2410 | D:5      | 2410 ||| BUYING ring of see invisible (195 gold).
  2410 | D:5      | Bought a ring of see invisible for 195 gold pieces
  2410 | D:5      | 2410 ||| SHOPLISTING ring of willpower (325 gold, have 88).
  2426 | D:5      | Reached skill level 6 in Axes
  2481 | D:5      | Reached skill level 1 in Dodging
  2741 | D:5      | You fall into a shaft and drop 3 floors!
  3007 | D:8      | Noticed a yak
  3008 | D:8      | Noticed a yak
  3010 | D:8      | Noticed a yak
  3010 | D:8      | Noticed a yak
  3011 | D:8      | Noticed a yak
  3017 | D:8      | HP: 10/44 [yak (10)]
  3018 | D:8      | 3018 ||| READING 3 scrolls of teleportation.
  3020 | D:8      | Mangled by a yak

Levels and vault maps discovered:
D:1:      heliophobic_arrival_battle_scene, layout_loops_ring,
          hellmonk_ecumenical_altar_watching_god, minmay_tetromino_l4
D:2:      layout_rooms, chequers_serial_rivers_micro_b
D:3:      layout_basic, mainiacjoe_overflow_small_starburst,
          gammafunk_temple_overflow_pools, chequers_big_river,
          minmay_crystal_water, uniq_jessica
D:4:      layout_cave_pools
D:5:      layout_rooms, serial_shops, shop_statue, nicolae_zen_rock_garden
D:8:      layout_loops_corners, uniq_erica

Skill      XL: |  1  2  3  4  5  6  7 |
---------------+----------------------+-----
Axes           | 2 3 4 5 6 |  6.7
Throwing       | 1 |  1.0
Fighting       | 4 |  4.8
Dodging        | 1 |  1.5
Armour         | |  3.2
Shields        | |  3.2

Action                     |  1- 3 |  4- 6 |  7- 9 || total
---------------------------+-------+-------+-------++-------
  Melee: War axe           |    74 |   139 |    66 ||   279
  Throw: Javelin           |    29 |    13 |       ||    42
         Boomerang         |       |    20 |       ||    20
    Use: Scroll            |     4 |     1 |     1 ||     6
         Potion            |       |     2 |       ||     2
 Armour: Scale mail        |    32 |       |       ||    32
         Chain mail        |     7 |    93 |    34 ||   134
  Dodge: Dodged            |    40 |    58 |    28 ||   126
  Block: Buckler           |    10 |    35 |    10 ||    55

Table legend:
 A = Non-vault XP
 B = Vault XP
 C = Vault XP percentage of total XP
 D = Non-vault monster count
 E = Vault monster count
 F = Vault count percentage of total count
                 A         B        C        D         E       F
            +---------+---------+-------+---------+---------+-------
      Total |    1003 |      42 |   4.0 |      97 |       5 |   4.9
            +---------+---------+-------+---------+---------+-------
        D:1 |      45 |       5 |  10.0 |      24 |       4 |  14.3
        D:2 |      24 |       0 |   0.0 |      15 |       0 |   0.0
        D:3 |      93 |      37 |  28.5 |      26 |       1 |   3.7
        D:4 |     301 |       0 |   0.0 |      18 |       0 |   0.0
        D:5 |     345 |       0 |   0.0 |       7 |       0 |   0.0
        D:8 |     195 |       0 |   0.0 |       7 |       0 |   0.0
            +---------+---------+-------+---------+---------+-------
